 Dungeon Crawl Stone Soup version 0.32-a0-540-g866d13106e (webtiles) character file.

Game seed: 13235089169677138257

67 IdlyInterested the Trooper (level 3, -2/29 HPs)
             Began as a Demonspawn Fighter on Feb 28, 2024.
             Slain by Natasha (7 damage)
             ... on level 2 of the Dungeon.
             The game lasted 00:03:25 (1555 turns).

IdlyInterested the Trooper (Demonspawn Fighter)     Turns: 1555, Time: 00:03:26

Health: -2/29      AC:  6    Str: 16    XL:     3   Next: 98%
Magic:  3/3        EV:  8    Int: 10    God:
Gold:   148        SH:  4    Dex: 12    Spells: 2/2 levels left

rFire   . . .        a - +0 rapier
rCold   . . .        c - +0 buckler
rNeg    . . .        b - +0 scale mail
rPois   .            (helmet restricted)
rElec   .            (no cloak)
rCorr   .            (no gloves)
SInv    .            (no boots)
Will    .....        (no amulet)
Stlth   +            (no ring)
HPRegen 0.24/turn    (no ring)
MPRegen 0.08/turn

%: no passive effects
@: no status effects
A: horns 1, demonic magic 1
a: no special abilities


You were on level 2 of the Dungeon.
You visited 1 branch of the dungeon, and saw 2 of its levels.

You collected 148 gold pieces.

Inventory:

Hand Weapons
 a - a +0 rapier (weapon)
 m - a +0 vampiric dagger
Missiles
 e - 22 stones (quivered)
 k - a throwing net
Armour
 b - a +0 scale mail (worn)
 c - a +0 buckler (worn)
 q - a +0 tower shield
 r - a +0 robe
 v - a +0 ring mail
Scrolls
 f - a scroll of fear {unknown}
 i - 3 scrolls of identify {unknown}
 j - a scroll of enchant armour {unknown}
 p - a scroll of fog {unknown}
 u - a scroll of silence {unknown}
Potions
 d - a potion of might
 g - a potion of mutation {unknown}
 h - 2 potions of curing {unknown}
 l - a potion of haste {unknown}
 n - a potion of berserk rage {unknown}
 o - a potion of invisibility {unknown}
 s - a potion of brilliance {unknown}
 t - a potion of cancellation {unknown}


   Skills:
 - Level 3.3 Fighting
 + Level 2.3 Short Blades
 - Level 3.0 Armour
 * Level 2.1 Stealth
 + Level 2.9 Shields


You had 2 spell levels left.
You didn't know any spells.
Your spell library contained the following spells:

 Spells                   Type           Power      Damage    Failure   Level
 Jinxbite                 Hex            0%         N/A       95%         2
 Yara's Violent Unravell  Hex/Alch       0%         3d3       100%        5
 Enfeeble                 Hex            0%         N/A       100%        7


Dungeon Overview and Level Annotations

Branches:
Dungeon (2/15)

Altars:

Shops:
D:2 !

Annotations:
D:2 Natasha


Innate Abilities, Weirdness & Mutations

You have a pair of small horns on your head.
Spells you cast may paralyse adjacent enemies.


Message History

You see here a +0 chain mail.
You now have 140 gold pieces (gained 10).
A giant cockroach comes into view.
You see here 8 gold pieces.
You hit the giant cockroach.
The giant cockroach is almost dead.
The giant cockroach bites you.
You hit the giant cockroach.
You kill the giant cockroach!
There is a stone staircase leading down here.
You see here a giant cockroach corpse.
You now have 148 gold pieces (gained 8).
You see here a +0 sling.
Found a ring mail.
You see here a +0 ring mail.
v - a +0 ring mail
e - 22 stones (gained 3) Natasha, Servant of Life and Death comes into view.
She is carrying a wand of warping.
Found a scroll labelled NATAID DAKU.
Natasha zaps a wand.
Space twists violently!
The rupture engulfs you!
You blink.
Ouch! That really hurt!
Natasha moves out of view.
Unknown command.
Natasha casts a spell.
Natasha zaps a wand.
Space twists violently!
The rupture engulfs you.
You blink.
The cerulean imp hits you with a +3 spear.
* * * LOW HITPOINT WARNING * * *
You see here a scroll labelled NATAID DAKU.
You barely miss Natasha. You headbutt Natasha!
Natasha is heavily wounded.
You block Natasha's attack. You block the cerulean imp's attack.
You hit Natasha.
Natasha is severely wounded.
Natasha mumbles some strange words.
The cerulean imp hits you with a +3 spear.
* * * LOW HITPOINT WARNING * * *
Natasha claws you!
You die...
Natasha curls up and begins to purr.

##.# #.# #.###.# #.# #.
...#####.# ##.....# #.# #.
.###.....# #...#### #.# #. .#
#.##### #.#.# #.# #. .# #.# #.#.#
#.####. .###.## #5#.# #.)....
>##...# #.#.# ######.
.##.#.###########h#.# #.
....#..........5@.#.############.
..#####.###########..............
#...#...# ###.#############
###.#.### ##.#.# #...# #####...†#
####.## #........#### #### ...#.#
#.####....<.# #... ##.#.# #.#
#.####.# #.## ##.#.#######.####.#
#.# #.#


You could see Natasha and 2 cerulean imps.

Vanquished Creatures
  2 adders (D:2)
  3 dart slugs (D:1)
  6 ball pythons
  4 bats
  4 giant cockroaches
  2 goblins (D:1)
  2 hobgoblins
  A jackal (D:1)
  2 quokkas
  7 frilled lizards
  5 kobolds
  5 rats
43 creatures vanquished.

Notes
Turn   | Place    | Note
-------+----------+-------------------------------------------
     0 | D:1      | IdlyInterested the Demonspawn Fighter began the quest for
                  | the Orb.
     0 | D:1      | Reached XP level 1. HP: 18/18 MP: 1/1
   130 | D:1      | Gained mutation: Spells you cast may paralyse adjacent
                  | enemies. [demonic ancestry]
   130 | D:1      | Reached XP level 2. HP: 24/24 MP: 2/2
   249 | D:1      | Reached skill level 1 in Stealth
   389 | D:1      | Gained mutation: You have a pair of small horns on your
                  | head. [demonic ancestry]
   389 | D:1      | Reached XP level 3. HP: 29/29 MP: 3/3
  1214 | D:2      | Found Seneq's Distillery.
  1550 | D:2      | Noticed Natasha
  1555 | D:2      | Slain by Natasha

Illustrated notes

Levels and vault maps discovered:
D:1:      dpeg_arrival_brainrot, layout_basic
D:2:      layout_loops_ring, serial_shops,
          nicolae_shop_competitors_out_of_business, minmay_quantized,
          uniq_natasha

Skill      XL: |  1  2  3 |
---------------+----------+-----
Short Blades   | 2 |  2.3
Stealth        | 1 2 |  2.1
Armour         | 3 |  3.0
Fighting       | |  3.3
Shields        | |  2.9

Action                     || total
---------------------------++-------
  Melee: Rapier            ||   143
         Headbutt          ||     9
 Armour: Scale mail        ||   143
  Dodge: Dodged            ||    62
  Block: Buckler           ||    31

Table legend: (Time is in decaauts)
 A = Elapsed time spent in this place.
 B = Non-inter-level travel time spent in this place.
 C = Inter-level travel time spent in this place.
 D = Time resting spent in this place.
 E = Time spent auto-exploring this place.
 F = Levels seen in this place.
 G = Mean time per level.
                   A        B        C        D        E       F      G
               +--------+--------+--------+--------+--------+-----+--------+
         Total |   1574 |   1501 |     73 |     53 |   1064 |   2 |  787.0 |
       Dungeon |   1574 |   1501 |     73 |     53 |   1064 |   2 |  787.0 |
               +--------+--------+--------+--------+--------+-----+--------+

Top non-repeatable levels by time:
     D:1: 865 daAuts
     D:2: 709 daAuts
